Description

Ultra Fast Nydus

VOD

https://www.youtube.com/watch?v=WW9HRPfeoYU

Build Order

Get SALT Encoding   

  12  0:00  Drone  
  13  0:13  Overlord  
  17  0:46  Extractor  
  17  0:50  Spawning Pool  
  18  1:10  Hatchery  
  22  1:40  Queen  zergling
  22  1:49  Metabolic Boost  
  22  2:17  Lair  envoyer queen sur b2
  30  2:47  Hatchery  
  32  3:25  Nydus Network  Faire monter 8 zergling proche B1 Ennemie
  32  3:29  Overseer  
Spawning Tool Build Advisor. Get it on Overwolf

Go to:

Details

  • Created by: Majupivicius
  • Published on: Apr 21, 2020
  • Modified on: Apr 21, 2020
  • Patch: 4.11.0
Show
View Real Time Build Order
Export as new Build Order

Comments (0)

There are no comments. Be the first!

Create an account to comment!